AoeStats
← Booger Flicker X

Four Lakes

503461010Analyzed
4v4 RM · 1mo ago on Aug 31, 2026· 37m 53s· 8 players
Game mode
Random Map
Map size
Large (8 player)
Population
200
Speed
Normal
Resources
Standard
Victory
Conquest
Starting age
Dark Age
Ending age
Imperial Age
RankedLock teamsTeams togetherTeam positionsShared explorationLock speedFull tech treeHidden civsTurbo modeCheats
Victory
Defeat
🇺🇸 Huns · United States
557
+12
🇵🇪 Spanish · Peru
503
+14
🇺🇸 Celts · United States
427
+18
🇩🇪 Saracens · Germany
378
+20
🇷🇴 Maya · Romania
540
-19
🇨🇭 Spanish · Switzerland
472
-16
🇫🇷 Lithuanians · France
452
-15
🇫🇷 Byzantines · France
398
-13
yannito el bandito
11:01 Feudal Age
12:20 Wheelbarrow
11:40 Double-Bit Axe
13:21 Horse Collar
21:03 Fishing Lines
23:51 Castle Age
23:25 Stone Mining
23:26 Gold Mining
23:27 Town Watch
27:01 Hand Cart
26:14 Light Cavalry
27:04 Bloodlines
26:55 Husbandry
28:56 Bow Saw
30:06 Stone Shaft Mining
38:19 Imperial Age
rekka
0:49 Loom
12:02 Feudal Age
12:28 Double-Bit Axe
12:24 Horse Collar
26:22 Castle Age
28:28 Gold Mining
28:40 Fletching
29:00 Forging
30:37 Wheelbarrow
30:20 Crossbowman
34:03 Iron Casting
33:24 Bodkin Arrow
36:25 Thumb Ring
crizone
4:18 Loom
12:54 Feudal Age
13:38 Double-Bit Axe
22:15 Castle Age
22:41 Horse Collar
24:30 Stone Mining
26:38 Stone Shaft Mining
25:54 Gold Mining
26:12 Heavy Plow
27:05 Bloodlines
26:59 Fletching
27:17 Scale Barding Armor
27:23 Forging
29:07 Bodkin Arrow
31:04 Town Watch
35:32 Chain Barding Armor
35:48 Iron Casting
35:11 Murder Holes
34:56 Treadmill Crane
craciunvladut3
12:36 Feudal Age
14:42 Wheelbarrow
13:56 Double-Bit Axe
14:14 Horse Collar
15:35 Gold Mining
15:37 Stone Mining
21:56 Castle Age
22:26 Fletching
22:37 Padded Archer Armor
23:54 Hand Cart
24:11 Bow Saw
25:31 Heavy Plow
26:10 Stone Shaft Mining
27:07 Hul'che Javelineers
27:20 Caravan
27:51 Coinage
35:51 Imperial Age
blackjack6894
1:03 Loom
12:00 Feudal Age
13:48 Wheelbarrow
13:00 Town Watch
13:10 Double-Bit Axe
18:53 Castle Age
18:26 Horse Collar
19:33 Bloodlines
20:13 Heavy Plow
20:58 Bow Saw
21:02 Fishing Lines
22:10 Gillnets
23:11 Husbandry
22:33 Light Cavalry
24:01 Scale Barding Armor
25:21 Chain Barding Armor
25:31 Forging
26:36 Hand Cart
27:30 Gold Mining
29:07 Iron Casting
30:30 Stone Mining
35:01 Medium Warships
36:40 Town Patrol
39:14 Imperial Age
36:40 Fletching
38:07 Bodkin Arrow
Booger Flicker X
10:41 Feudal Age
8:58 Loom
11:07 Double-Bit Axe
14:40 Wheelbarrow
18:37 Castle Age
16:35 Fishing Lines
16:49 Stone Mining
17:45 Horse Collar
19:58 Bow Saw
21:08 Heavy Plow
21:29 Hand Cart
21:35 Gillnets
23:55 Heavy Plow
24:19 Gold Mining
25:05 Stone Shaft Mining
27:09 Gold Shaft Mining
30:35 Imperial Age
28:37 Forging
28:27 Scale Mail Armor
28:12 Treadmill Crane
28:28 Murder Holes
29:39 Town Watch
30:30 Iron Casting
30:11 Chain Mail Armor
29:46 Fletching
30:20 Ballistics
30:11 Masonry
30:18 Stronghold
31:03 Arson
31:04 Gambesons
30:40 Pikeman
30:40 Man-at-Arms
31:43 Conscription
30:44 Elite Woad Raider
32:02 Hoardings
32:29 Blast Furnace
32:00 Plate Mail Armor
31:34 Bodkin Arrow
32:12 Town Patrol
34:16 Chemistry
33:43 Long Swordsman
36:11 Padded Archer Armor
36:17 Scale Barding Armor
36:44 Coinage
36:24 Guilds
unrealized
10:56 Feudal Age
17:44 Double-Bit Axe
18:54 Wheelbarrow
19:05 Town Watch
21:47 Fletching
24:21 Horse Collar
26:32 Scale Barding Armor
28:48 Castle Age
29:31 Bodkin Arrow
30:24 Chain Barding Armor
30:15 Forging
30:31 Gold Mining
33:16 Ballistics
33:42 Gold Shaft Mining
33:32 Husbandry
35:41 Iron Casting
36:28 Masonry
38:32 Town Patrol
@JPierre99
5:40 Loom
11:26 Feudal Age
12:41 Double-Bit Axe
14:15 Wheelbarrow
13:07 Man-at-Arms
21:56 Castle Age
22:48 Gold Mining
23:46 Long Swordsman
24:12 Gambesons
24:49 Forging
24:39 Scale Mail Armor
25:18 Hand Cart
26:13 Stone Mining
27:04 Bow Saw
34:23 Scale Barding Armor
34:55 Iron Casting
35:06 Inquisition
39:12 Imperial Age
Connection lost

Rejoining the realm…

Still unreachable

The connection could not be restored.

Session expired

The server has moved on; the page needs a fresh start.